 Dungeon Crawl Stone Soup version 0.28.0 (webtiles) character file.

Game seed: 1635568054083966908

11155 browni3141 the Fighter (level 11, -2/102 HPs)
             Began as a Minotaur Berserker on Feb 10, 2022.
             Was an Elder of Trog.
             Slain by a death yak (11 damage)
             ... on level 11 of the Dungeon.
             The game lasted 00:07:03 (9837 turns).

browni3141 the Fighter (Minotaur Berserker)         Turns: 9837, Time: 00:07:03

Health: -2/102     AC:  8    Str: 26    XL:     11   Next: 45%
Magic:  10/10      EV: 15    Int:  4    God:    Trog [****..]
Gold:   457        SH:  0    Dex: 10    Spells: 10/10 levels left

rFire   . . .      SeeInvis +   I - +2 battleaxe
rCold   + + +      Faith    .   (shield currently unavailable)
rNeg    + . .      Spirit   .   K - +4 skin of Zhor {*Englaciate rC+++ SInv}
rPois   .          Reflect  .   (helmet restricted)
rElec   .          Harm     .   (no cloak)
rCorr   .          Rampage  .   (no gloves)
Will    +....                   O - +0 pair of boots
Stlth   +.........              (no amulet)
HPRegen 0.27/turn               s - ring of positive energy
MPRegen 0.12/turn               H - ring of willpower

@: on berserk cooldown, slowed, very slow
A: horns 2, retaliatory headbutt
a: Renounce Religion, Berserk, Trog's Hand, Brothers in Arms


You were on level 11 of the Dungeon.
You worshipped Trog.
Trog was greatly pleased with you.
You visited 1 branch of the dungeon, and saw 11 of its levels.
You also visited: Ossuary.

You collected 522 gold pieces.
You spent 65 gold pieces at shops.

Inventory:

Hand Weapons
 a - a +0 hand axe
 n - a +1 vorpal hand axe
 I - a +2 battleaxe (weapon)
Missiles
 e - 3 throwing nets (quivered)
Armour
 b - a +0 animal skin
 f - a +0 chain mail
 D - a +0 pair of boots
 K - the +4 skin of Zhor (worn) {*Englaciate rC+++ SInv}
   (You found it on level 7 of the Dungeon)

   It radiates cold, occasionally slowing all nearby creatures who are not
   resistant to cold.
   rC:        It renders you almost immune to cold.
   SInv:      It lets you see invisible.
 O - a +0 pair of boots (worn)
Jewellery
 s - a ring of positive energy (left hand)
 H - a ring of willpower (right hand)
 L - a ring of protection from cold
Wands
 l - a wand of polymorph (14)
 r - a wand of paralysis (9)
 x - a wand of digging (7)
 J - a wand of acid (13)
 N - a wand of flame (16)
Scrolls
 c - a scroll of holy word
 d - 4 scrolls of teleportation
 g - 3 scrolls of enchant armour
 i - 3 scrolls of fear
 j - 3 scrolls of enchant weapon {unknown}
 k - 2 scrolls of fog {unknown}
 p - a scroll of blinking {unknown}
 u - a scroll of immolation {unknown}
 w - 4 scrolls of magic mapping {unknown}
 y - a scroll of vulnerability {unknown}
 B - 4 scrolls of identify
 C - a scroll of amnesia {unknown}
 F - a scroll of acquirement {unknown}
Potions
 h - a potion of cancellation {unknown}
 m - 3 potions of heal wounds
 o - a potion of magic {unknown}
 q - 2 potions of might
 t - 2 potions of mutation {unknown}
 v - 5 potions of haste {unknown}
 z - 3 potions of curing {unknown}
 A - 2 potions of lignification {unknown}
 E - 3 potions of attraction {unknown}
 G - a potion of resistance {unknown}
 M - a potion of brilliance {unknown}


   Skills:
 + Level 11.5 Fighting
 + Level 11.5 Axes
 + Level 11.2 Armour
 + Level 10.3 Dodging


You had 10 spell levels left.
You didn't know any spells.
Your spell library was empty.

Dungeon Overview and Level Annotations

Branches:
Dungeon (12/15)            Temple (0/1) D:7         Ossuary (visited)
   Lair: D:8-11         Orc: D:9-12

Altars:
Yredelemnul

Shops:
D:6 !   D:8 (

Annotations:
D:12 2 transporters


Innate Abilities, Weirdness & Mutations

You have a pair of horns on your head.
You reflexively headbutt those who attack you in melee.


Message History

You hit the death yak. You slash the death yak! The death yak gores you!!
The death yak gores you!
* * * LOW HITPOINT WARNING * * *
You are too injured to fight recklessly!
Unknown command.
Unknown command.
You are too injured to fight recklessly!
Unknown command.
You are too injured to fight recklessly!
Unknown command.
You are too injured to fight recklessly!
You are too injured to fight recklessly!
Unknown command.
Unknown command.
You are too injured to fight recklessly!
Unknown command.
You are too injured to fight recklessly!
Unknown command.
You are too injured to fight recklessly!
Unknown command.
You are too injured to fight recklessly!
You are too injured to fight recklessly!
You slice the death yak!!
The death yak is severely wounded.
You radiate an aura of cold.
The death yak resists.
The death yak seems to slow down. x2
You hit the death yak but do no damage. You headbutt the death yak!
The death yak is almost dead.
You hear the steady crackling of a very distant melting archway.
You radiate an aura of cold.
The death yak resists. x2
You are no longer berserk.
You are exhausted.
You feel yourself slow down.
The death yak is no longer moving slowly.
Unknown command.
Your ogre goes berserk!
The death yak gores you!
* * * LOW HITPOINT WARNING * * *
The death yak gores you!
You die...

#....Y..#......###
#......Y#..†...|..
#.................
#.................
#.................
#######'#.###+####
#..O.#†...#
#...YY....#
#...@#....#
#....######
#......# #......#
#....>.# #......#
########


You could see 2 death yaks and a friendly ogre (summoned, berserk).

Vanquished Creatures
  2 two-headed ogres (D:9)
  2 death yaks (D:11)
  A salamander (shapeshifter) (D:9)
  A manticore (D:11)
  6 rime drakes (D:7)
  A komodo dragon (D:7)
  A slime creature (D:9)
  A vampire (D:7)
  3 wraiths
  10 yaks
  A steam dragon (D:8)
  An acid dragon (D:9)
  A water moccasin (D:7)
  2 orc warriors
  3 necrophages
  2 ice beasts
  A sky beast (D:4)
  An ogre (D:7)
  5 centaurs
  A phantom (D:6)
  A kobold brigand (D:7)
  Blork the orc (D:5)
  3 bullfrogs
  3 scorpions
  An elf skeleton (D:4)
  2 wyvern skeletons
  2 water moccasin skeletons (D:6)
  12 wights
  3 howler monkeys (D:9)
  A centaur zombie (D:9)
  3 jellies
  5 orc priests
  A hound (D:5)
  3 human zombies (D:4)
  A gnoll shaman (D:9)
  6 human skeletons (D:4)
  Ijyb (D:4)
  5 orc wizards
  2 iguanas
  A hound skeleton (D:4)
  A howler monkey skeleton (D:6)
  8 adders
  14 gnolls
  A white imp (D:6)
  An ufetubus (D:5)
  3 dart slugs
  21 orcs
  14 endoplasms
  5 giant cockroaches
  43 goblins
  33 hobgoblins
  2 quokkas
  5 ball pythons
  2 ball python skeletons (Ossuary)
  3 bats
  3 frilled lizards
  15 kobolds
  A kobold zombie (Ossuary)
  4 orc skeletons
  2 orc zombies (Ossuary)
  15 rats
299 creatures vanquished.

Vanquished Creatures (others)
  A plant (D:5)
1 creature vanquished.

Grand Total: 300 creatures vanquished

Notes
Turn   | Place    | Note
-------+----------+-------------------------------------------
     0 | D:1      | browni3141 the Minotaur Berserker began the quest for the
                  | Orb.
     0 | D:1      | Reached XP level 1. HP: 19/19 MP: 0/0
   389 | D:1      | Reached XP level 2. HP: 27/27 MP: 1/1
  1086 | D:1      | Reached ** piety under Trog
  1087 | D:1      | Reached XP level 3. HP: 25/33 MP: 2/2
  1896 | D:2      | Found a faded altar of an unknown god.
  1902 | D:2      | Noticed a floating eye
  1902 | D:2      | Noticed a shining eye
  1903 | D:2      | Noticed a shining eye
  1903 | D:2      | Noticed a great orb of eyes
  2080 | D:3      | Reached XP level 4. HP: 36/40 MP: 3/3
  2202 | D:3      | Reached XP level 5. HP: 36/47 MP: 4/4
  2622 | D:3      | Reached *** piety under Trog
  2797 | D:3      | Reached skill level 5 in Axes
  2803 | D:3      | Reached skill level 5 in Fighting
  3203 | D:4      | Reached XP level 6. HP: 56/56 MP: 5/5
  3301 | D:4      | Noticed a sky beast
  3302 | D:4      | Noticed Ijyb
  3310 | D:4      | Killed a sky beast
  3315 | D:4      | Killed Ijyb
  3477 | D:4      | Reached skill level 5 in Armour
  3477 | D:4      | Reached XP level 7. HP: 41/62 MP: 6/6
  3481 | D:4      | Found a sand-covered staircase.
  3495 | Ossuary  | Entered an ossuary
  3990 | Ossuary  | Noticed a flying skull
  3990 | Ossuary  | Noticed a wraith
  4003 | Ossuary  | Noticed a flying skull
  4023 | Ossuary  | Noticed a flying skull
  4114 | Ossuary  | Noticed a flying skull
  4125 | Ossuary  | Reached skill level 5 in Dodging
  4254 | Ossuary  | Noticed a wraith
  4266 | Ossuary  | Killed a wraith
  4357 | Ossuary  | Noticed a wraith
  4364 | Ossuary  | Killed a wraith
  4365 | Ossuary  | Reached XP level 8. HP: 71/71 MP: 7/7
  4854 | D:5      | Entered Level 5 of the Dungeon
  5311 | D:5      | Reached **** piety under Trog
  5931 | D:5      | Noticed Blork the orc
  5943 | D:5      | Killed Blork the orc
  5944 | D:5      | Reached XP level 9. HP: 51/81 MP: 8/8
  6731 | D:6      | Found Xisu's Distillery.
  6742 | D:6      | Bought a potion of heal wounds for 65 gold pieces
  7400 | D:7      | Found a staircase to the Ecumenical Temple.
  7682 | D:7      | Reached ***** piety under Trog
  7722 | D:7      | Noticed a komodo dragon
  7726 | D:7      | Killed a komodo dragon
  7858 | D:7      | Noticed a rime drake
  7859 | D:7      | Noticed a rime drake
  7859 | D:7      | Noticed a rime drake
  7898 | D:7      | Found the +4 skin of Zhor {*Englaciate rC+++ SInv}
  7899 | D:7      | Noticed a rime drake
  7899 | D:7      | Noticed a rime drake
  7938 | D:7      | Noticed a rime drake
  7944 | D:7      | Killed a rime drake
  7947 | D:7      | Killed a rime drake
  7948 | D:7      | Reached XP level 10. HP: 91/91 MP: 9/9
  8265 | D:8      | Found Abeopn's Weapon Emporium.
  8287 | D:8      | Reached skill level 10 in Fighting
  8287 | D:8      | Reached skill level 10 in Axes
  8342 | D:8      | Found a basalt altar of Yredelemnul.
  8511 | D:8      | Reached skill level 10 in Armour
  8808 | D:9      | Noticed a two-headed ogre
  8816 | D:9      | Killed a two-headed ogre
  9049 | D:9      | Noticed a salamander
  9053 | D:9      | Reached XP level 11. HP: 96/98 MP: 10/10
  9272 | D:9      | Noticed a two-headed ogre
  9276 | D:9      | Killed a two-headed ogre
  9302 | D:9      | Reached skill level 10 in Dodging
  9549 | D:9      | You fall into a shaft and drop 3 floors!
  9565 | D:12     | Found a transporter.
  9571 | D:12     | Found a transporter.
  9794 | D:11     | Noticed a death yak
  9794 | D:11     | Noticed a death yak
  9795 | D:11     | Noticed a death yak
  9795 | D:11     | Noticed a death yak
  9824 | D:11     | Killed a death yak
  9828 | D:11     | Noticed a death yak
  9829 | D:11     | Noticed a death yak
  9831 | D:11     | Killed a death yak
  9837 | D:11     | Slain by a death yak

Illustrated notes

Levels and vault maps discovered:
D:1:      dpeg_arrival_ratfight, layout_basic
D:2:      layout_rooms, hellmonk_ecumenical_altar_watching_god
D:3:      layout_rooms
D:4:      layout_rooms, nicolae_ossuary_entry_catacombs, uniq_ijyb
D:5:      minmay_goblin_kobold_castle, layout_rooms, corexii_shack,
          uniq_blork_the_orc
D:6:      layout_basic, serial_shops, shop, kennysheep_potato
D:7:      layout_rooms, minmay_temple_entry_waves, grunt_decor_one_mirror,
          hellmonk_guarded_unrand_zhor
D:8:      layout_rooms, mainiacjoe_overflow_24_doors, serial_shops,
          kennysheep_mini
D:9:      minmay_ornate_pinched, layout_cave_pods
D:11:     layout_grid_maze, dpeg_lair_monsters,
          portal_ice_cave_entry_ice_simulacra, uniq_gastronok
D:12:     layout_loops_corners, minivault_16, serial_nicolae_subway,
          nicolae_sub_station_metal, nicolae_sub_station_stone,
          nicolae_sub_station_crystal

Skill      XL: |  1  2  3  4  5  6  7  8  9 10 11 |
---------------+----------------------------------+-----
Axes           | 4 5 6 7 9 10 11 | 11.5
Fighting       | 4 5 6 7 9 10 11 | 11.5
Armour         | 3 4 5 6 7 9 10 11 | 11.2
Dodging        | 3 4 5 6 8 9 10 | 10.3

Action                   |  1- 3 |  4- 6 |  7- 9 | 10-12 || total
-------------------------+-------+-------+-------+-------++-------
Melee: Hand axe          |   124 |   113 |   284 |       ||   521
       Headbutt          |    14 |    21 |    61 |    22 ||   118
       Punch             |     2 |     3 |     4 |       ||     9
       Battleaxe         |       |       |    39 |   119 ||   158
Invok: Berserk           |       |     5 |    10 |     7 ||    22
       Brothers in Arms  |       |       |       |     1 ||     1
  Use: Scroll            |       |     4 |       |       ||     4
 Stab: Sleeping          |     2 |       |       |       ||     2
Armor: Animal skin       |    12 |       |       |    19 ||    31
       Chain mail        |    21 |    54 |   162 |     4 ||   241
Dodge: Dodged            |    58 |    38 |   148 |    70 ||   314
